Map: Ephemeron LE

Players

IIIIIIIIIIII

  • Race: Terran Terran
  • League: Master
  • Spawn Location: 11:00

MikeHawk - Winner!

  • Race: Terran Terran
  • League: Master
  • Spawn Location: 5:00

VOD

Have the link to the VOD?

Description

Time

  • Played on: Dec. 20, 2019, 12:02 p.m.
  • Length: 10:46
Show
View Real Time Build Order
Export as new Build Order

IIIIIIIIIIII Terran 

Build Orders:  

Get SALT Encoding   

  12  0:00  SCV  
  13  0:13  SCV  
  14  0:17  Supply Depot  
  14  0:25  SCV  
  14  0:28  Refinery  
  15  0:39  SCV  
  16  0:45  Barracks  
  16  0:51  SCV  
  16  0:55  Refinery  
  17  1:03  SCV  
  18  1:15  SCV  
  19  1:33  Factory  
  19  1:34  Orbital Command  
  19  1:36  Reaper  
  20  1:45  Supply Depot  
  20  1:59  SCV  
  21  2:08  Reaper  
  21  2:11  SCV  
  23  2:17  Hellion  
  25  2:23  SCV  
  25  2:29  Command Center  
  26  2:36  SCV  
  27  2:42  Supply Depot  
  27  2:43  Hellion  
  29  2:45  Barracks Reactor  
  29  2:48  SCV  
  30  2:56  Starport  
  30  3:00  SCV  
  30  3:05  Factory Tech Lab  
  31  3:12  SCV  
  32  3:21  Marine x2  
  32  3:23  Cyclone  
  32  3:26  Refinery  
  37  3:28  SCV  
  37  3:32  Starport Tech Lab  
  38  3:39  Marine  
  38  3:40  SCV, Marine  
  41  3:45  Orbital Command  
  41  3:50  Raven  
  41  3:53  SCV  
  44  4:01  Siege Tank  
  47  4:03  Marine  
  47  4:04  Marine  
  47  4:07  SCV  
  50  4:12  Supply Depot  
  50  4:14  SCV  
  51  4:20  Marine  
  51  4:22  Marine  
  54  4:24  SCV  
  54  4:33  Raven, SCV  
  54  4:36  SCV, Supply Depot  
  58  4:39  Supply Depot  
  58  4:43  Siege Tank  
  61  4:50  SCV  
  62  4:55  SCV  
  62  5:04  SCV  
  62  5:05  Marine x2  
  65  5:07  SCV  
  65  5:12  Supply Depot  
  66  5:15  Siege Tank  
  66  5:17  SCV  
  66  5:20  Supply Depot  
  70  5:33  Viking x2  
  70  5:34  SCV  
  75  5:39  Stimpack  
  75  5:41  SCV  
  75  5:42  Command Center  
  76  5:46  SCV  
  77  5:52  Refinery  
  75  5:58  Siege Tank  
  75  6:05  Viking x2  
  79  6:17  Marine  
  79  6:18  SCV x2  
  82  6:22  Engineering Bay x2  
  65  6:38  Viking x2  
  65  6:39  Siege Tank  
  65  6:51  SCV x2  
  63  6:55  Barracks  
  63  6:56  Barracks  
  63  6:57  Barracks x2  
  63  7:05  Terran Infantry Weapons Level 1, Terran Infantry Armor Level 1  
  63  7:08  SCV x2, Viking  
  67  7:20  Combat Shield  
  69  7:23  SCV x2  
  69  7:28  Siege Tank  
  69  7:29  Command Center  
  68  7:43  SCV x2  
  69  7:46  Barracks Reactor x4  
  69  7:49  Marine  
  68  7:53  Supply Depot  
  68  7:55  SCV x2  
  70  8:00  Siege Tank  
  66  8:07  SCV x2  
  66  8:08  Marine  
  62  8:19  SCV x2, Command Center  
  60  8:23  Marine x5  
  60  8:24  Marine x3  
  60  8:26  Medivac x2, Marine  
  72  8:28  Armory  
  72  8:32  Siege Tank  
  75  8:42  Marine x6  
  75  8:43  Marine, Command Center  
  75  8:44  Marine  
  83  8:54  SCV  
  84  8:56  Medivac  
  88  9:04  Siege Tank  
  88  9:05  Marine x4  
  95  9:19  Marine x2  
  95  9:20  Marine x2  
  95  9:21  Marine  
  96  9:41  Marine x3  
  96  9:42  Marine x5  
  102  9:49  Siege Tank  
  104  9:55  Factory  
  104  10:04  Orbital Command  
  104  10:05  Barracks Reactor, Refinery  
  104  10:07  Marine x5  
  104  10:08  Marine  
  104  10:09  Refinery, Marine  
  104  10:13  Marine  
  110  10:25  Marine  
Show
View Real Time Build Order
Export as new Build Order

MikeHawk Terran - Winner!

Build Orders:  

Get SALT Encoding   

  12  0:00  SCV  
  13  0:12  SCV  
  14  0:17  Supply Depot  
  14  0:24  SCV  
  14  0:28  Refinery  
  15  0:39  SCV  
  16  0:44  Barracks  
  16  0:51  SCV  
  16  0:56  Refinery  
  17  1:03  SCV  
  18  1:15  SCV  
  19  1:31  Orbital Command  
  19  1:33  Factory  
  19  1:35  Reaper  
  20  1:43  Supply Depot  
  20  1:57  SCV  
  21  2:07  Reaper  
  22  2:09  SCV  
  23  2:17  Hellion  
  23  2:21  SCV  
  26  2:27  Command Center  
  26  2:33  SCV  
  27  2:39  Barracks Reactor  
  27  2:41  Widow Mine  
  29  2:44  Starport  
  29  2:45  SCV  
  30  2:52  Supply Depot  
  30  2:58  SCV  
  31  3:03  Factory Tech Lab  
  31  3:14  SCV  
  31  3:18  Marine x2  
  34  3:21  Starport Tech Lab  
  34  3:25  Siege Tank  
  34  3:26  SCV, Refinery  
  38  3:36  Marine  
  38  3:38  Marine  
  38  3:39  Orbital Command, SCV  
  41  3:50  Raven  
  41  3:51  SCV  
  41  3:53  Marine  
  45  3:56  Marine  
  45  4:01  Supply Depot  
  46  4:03  SCV  
  46  4:05  SCV  
  46  4:07  Siege Tank  
  51  4:13  Marine  
  51  4:14  Marine  
  51  4:17  SCV  
  54  4:23  SCV  
  55  4:25  Supply Depot  
  55  4:28  Supply Depot  
  55  4:31  SCV  
  55  4:33  Raven  
  55  4:34  Marine  
  55  4:35  SCV, Marine  
  61  4:41  Supply Depot  
  61  4:46  SCV, Siege Tank  
  61  4:49  SCV  
  61  4:52  Marine x2  
  66  4:59  SCV  
  69  5:01  SCV  
  68  5:11  SCV  
  68  5:13  SCV  
  72  5:18  Siege Tank  
  73  5:25  SCV x2  
  73  5:27  Supply Depot, Viking x2, Marine  
  80  5:31  Stimpack  
  80  5:37  SCV x2  
  80  5:42  Supply Depot x2  
  82  5:45  Marine  
  83  5:52  Supply Depot  
  83  5:57  Viking x2  
  83  6:03  Marine  
  88  6:06  Siege Tank  
  88  6:07  SCV  
  88  6:08  SCV, Refinery  
  88  6:10  Barracks  
  93  6:12  Barracks  
  93  6:13  Engineering Bay x2  
  93  6:19  SCV  
  93  6:20  SCV, Marine  
  93  6:32  SCV x2  
  82  6:33  Viking x2  
  82  6:38  Marine  
  85  6:40  Siege Tank  
  85  6:44  SCV x2  
  84  6:53  Supply Depot  
  74  6:58  Barracks Reactor  
  74  7:00  Barracks Reactor  
  76  7:01  Barracks, Terran Infantry Weapons Level 1  
  76  7:02  Barracks  
  76  7:03  Marine  
  75  7:10  Terran Infantry Armor Level 1  
  75  7:20  Combat Shield, Command Center  
  75  7:21  Marine  
  76  7:27  Viking  
  76  7:28  SCV x2  
  80  7:33  Viking  
  80  7:41  SCV x2  
  82  7:46  Marine x5  
  82  7:48  Siege Tank  
  82  7:49  Barracks Reactor  
  90  7:53  SCV  
  90  7:54  Barracks Reactor, SCV  
  90  7:57  Barracks  
  92  8:00  Barracks  
  92  8:04  Marine x5  
  90  8:06  SCV x2  
  90  8:12  Medivac x2  
  91  8:18  SCV x2  
  93  8:21  Marine  
  93  8:22  Marine x4  
  98  8:30  Armory, SCV  
  98  8:33  Orbital Command  
  99  8:38  Marine x4  
  99  8:39  Marine x2  
  99  8:40  Marine x3  
  108  8:43  Refinery  
  108  8:44  Refinery  
  108  8:45  Medivac  
  108  8:46  Medivac  
  112  8:49  Barracks Reactor x2  
  112  8:56  Marine x4  
  112  8:57  Marine  
  117  9:03  Marine x4  
  121  9:13  Marine  
  121  9:14  Marine x3  
  121  9:15  Marine  
  126  9:21  Marine x4  
  130  9:25  Supply Depot  
  130  9:27  Supply Depot  
  130  9:29  Marine x3  
  130  9:30  Marine  
  134  9:31  Marine  
  134  9:32  Marine x3  
  134  9:33  Marine  
  134  9:34  Medivac  
  141  9:39  Marine  
  141  9:44  Supply Depot  
  141  9:46  Marine x3  
  141  9:47  Marine x3  
  141  9:50  Supply Depot  
  141  9:51  Siege Tank  
  141  9:52  Marine  
  153  9:54  Marine x4  
  157  10:00  Supply Depot  
  157  10:04  Supply Depot  
  157  10:06  Supply Depot  
  160  10:08  Marine  
  160  10:12  Marine x3  
  165  10:14  Marine x2  
Tags
 
Matchup
TvT
Race
Terran
Spawn Locations
Cross Positions
Add a new tag
Caveats
  • Supply blocks, unpowered buildings, or Contaminate may cause inaccurate times.
  • Supply counts are checked every 10 seconds.